 Dungeon Crawl Stone Soup version 0.23.2-33-g5129a83184 (webtiles) character file.

Game seed: 11512013340364416101

42 mikogus the Charmwright (level 3, 0/28 HPs)
             Began as a Merfolk Skald on July 15, 2019.
             Slain by an ooze (1 damage)
             ... on level 2 of the Dungeon.
             The game lasted 00:03:55 (1000 turns).

mikogus the Charmwright (Merfolk Skald)             Turns: 1000, Time: 00:03:56

Health: 0/28       AC:  3    Str: 12    XL:     3   Next: 56%
Magic:  6/6        EV: 12    Int: 12    God:
Gold:   49         SH:  0    Dex: 13    Spells: 5/6 levels left

rFire    . . .     SeeInvis .   a - +0 spear
rCold    . . .     Gourm    .   (no shield)
rNeg     . . .     Faith    .   b - +0 leather armour
rPois    .         Spirit   .   (no helmet)
rElec    .         Reflect  .   (no cloak)
rCorr    .         Harm     .   (no gloves)
MR       .....                  (no boots)
Stlth    +.........             (no amulet)
HPRegen  0.09/turn              (no ring)
MPRegen  0.10/turn              (no ring)

@: very slightly contaminated, invisible
A: change form in water, swift swim, stealthy swim
a: no special abilities


You were on level 2 of the Dungeon.
You were not hungry.

You visited 1 branch of the dungeon, and saw 2 of its levels.

You collected 49 gold pieces.

Inventory:

Hand Weapons
 a - a +0 spear (weapon)
Missiles
 c - 3 tomahawks (quivered)
Armour
 b - a +0 leather armour (worn)
Scrolls
 e - a scroll of immolation
 f - a scroll of amnesia
 g - a scroll of noise {unknown}
 h - a scroll of enchant weapon {unknown}
 i - 2 scrolls of identify
 j - a scroll of fear {unknown}
 k - a scroll of teleportation {unknown}
Potions
 l - a potion of curing {unknown}
Comestibles
 d - 4 rations


   Skills:
 + Level 2.6 Fighting
 + Level 3.3 Polearms
 + Level 0.2 Throwing
 + Level 0.8 Armour
 + Level 2.8 Dodging
 + Level 2.3 Spellcasting
 + Level 4.1 Charms


You had 5 spell levels left.
You knew the following spells:

 Your Spells              Type           Power        Failure   Level  Hunger
a - Infusion              Chrm           ##..         6%          1    ##.....

Your spell library contained the following spells:

 Spells                   Type           Power        Failure   Level  Hunger
 Song of Slaying          Chrm           ##......     10%         2    ###....
 Shroud of Golubria       Chrm/Tloc      #.........   22%         2    ###....
 Regeneration             Chrm/Necr      #.........   41%         3    ####...
 Spectral Weapon          Hex/Chrm       #.......     41%         3    ####...


Dungeon Overview and Level Annotations

Branches:
Dungeon (2/15)

Altars:


Message History

* * * LOW HITPOINT WARNING * * *
You feel sick.
The ooze quivers.
The bat barely misses you.
The hobgoblin shouts!
The bat hits you but does no damage.
The hobgoblin shouts!
The bat hits you but does no damage. The bat hits you but does no damage.
The ooze hits you but does no damage. The bat hits you but does no damage.
* * * LOW HITPOINT WARNING * * *
You feel sick.
You are no longer poisoned.
The bat barely misses you. The ooze barely misses you.
The bat hits you but does no damage. The ooze closely misses you.
The bat closely misses you.
You see here a glowing black potion.
l - a glowing black potion The bat misses you.
The ooze hits you.
You die...

..# # ####.#
#.####....# ....... .
.... #.####
########### ####.....
#....Jb...###.....###
#...@..........##.#
#.....l..g........#
#..............####
#......).......#
#......w.......#
#....$.........#
#...........#### #
#.....).....# # #


You could see a worm (wandering), an ooze, a hobgoblin (wandering), a bat and a
frilled lizard.

Vanquished Creatures
  An adder (D:2)
  An ooze (D:1)
  A worm (D:1)
  2 leopard geckos
  6 bats (D:1)
  2 goblins (D:1)
  4 hobgoblins
  A frilled lizard (D:1)
  2 kobolds (D:1)
  4 rats
24 creatures vanquished.

Notes
Turn   | Place    | Note
-------+----------+-------------------------------------------
     0 | D:1      | mikogus the Merfolk Skald began the quest for the Orb.
     0 | D:1      | Reached XP level 1. HP: 16/16 MP: 3/3
   216 | D:1      | Reached XP level 2. HP: 22/22 MP: 5/5
   401 | D:1      | Reached skill level 4 in Charms
   593 | D:1      | Reached XP level 3. HP: 26/27 MP: 6/6
   993 | D:2      | HP: 1/28 [poisoned by an adder]
  1000 | D:2      | Slain by an ooze

Skill      XL: |  1  2 |
---------------+-------+-----
Charms         | 4 |  4.1
Fighting       | |  2.6
Polearms       | |  3.3
Throwing       | |  0.2
Armour         | |  0.8
Dodging        | |  2.8
Spellcasting   | |  2.3

Action                   || total
-------------------------++-------
Melee: Spear             ||    94
Throw: Tomahawk          ||    11
  Use: Scroll            ||     2
       Potion            ||     1
Armor: Leather armour    ||    37
Dodge: Dodged            ||    71
